 Dungeon Crawl Stone Soup version 0.26-a0-682-g294304f6e8 (webtiles) character file.

Game seed: 94430884273358622

(classic levelgen) 12 EnegeticOcto the Digger (level 2, -2/17 HPs)
             Began as a Halfling Earth Elementalist on Oct 20, 2020.
             Slain by an adder (4 damage)
             ... on level 2 of the Dungeon.
             The game lasted 00:01:04 (200 turns).

EnegeticOcto the Digger (HaEE)                       Turns: 200, Time: 00:01:04

Health: -2/17      AC:  2    Str:  9    XL:     2   Next: 45%
Magic:  1/4        EV: 15    Int: 13    God:
Gold:   10         SH:  0    Dex: 14    Spells: 3/4 levels left

rFire    . . .     SeeInvis .   e - +0 hand axe (vorpal)
rCold    . . .     Faith    .   (shield restricted)
rNeg     . . .     Spirit   .   c - +0 robe
rPois    .         Reflect  .   (no helmet)
rElec    .         Harm     .   (no cloak)
rCorr    .         Rampage  .   (no gloves)
MR       .....                  (no boots)
Stlth    ++........             (no amulet)
HPRegen  0.05/turn              (no ring)
MPRegen  0.09/turn              (no ring)

@: mighty, lethally poisoned (-2 -> -6)
A: small, mutation resistance 1
a: no special abilities


You were on level 2 of the Dungeon.
You visited 1 branch of the dungeon, and saw 2 of its levels.

You collected 10 gold pieces.

Inventory:

Hand Weapons
 a - a +0 whip
 e - a +0 vorpal hand axe (weapon)
Missiles
 b - 40 stones (quivered)
Armour
 c - a +0 robe (worn)
Scrolls
 d - a scroll of identify {unknown}
 f - a scroll of blinking {unknown}


   Skills:
 - Level 2.1 Dodging
 - Level 2.1 Stealth
 - Level 1.5 Spellcasting
   Level 0.5 Transmutations
 + Level 3.7 Earth Magic


You had 3 spell levels left.
You knew the following spells:

 Your Spells              Type           Power        Failure   Level
a - Sandblast             Erth           ##....       6%          1

Your spell library contained the following spells:

 Spells                   Type           Power        Failure   Level
 Passwall                 Tmut/Erth      #.......     17%         2
 Stone Arrow              Conj/Erth      #.....       36%         3
 Petrify                  Tmut/Erth      #.......     73%         4
 Lee's Rapid Deconstruct  Erth           ##........   85%         5


Dungeon Overview and Level Annotations

Branches:
Dungeon (2/15)

Altars:


Innate Abilities, Weirdness & Mutations

You are small and have problems with some larger weapons.
You are somewhat resistant to further mutation.


Message History

You are too injured to fight recklessly!
You hit the jackal.
You kill the jackal!
You have reached level 2!
You see here a jackal corpse.
(D) Dungeon
Where to? (? - help)
There is a stone staircase leading down here.
You climb downwards.
There is a stone staircase leading up here.
Found a ring mail and a pink potion.
You see here a ring mail.
A worm comes into view.
You see here a pink potion.
g - a pink potion
Casting: Sandblast (safe; 6% risk of failure)
Confirm with . or Enter, or press ? or * to list all spells.
Aiming: Sandblast (safe; 6% risk of failure)
Press: ? - help, Shift-Dir - straight line, f - worm
Aim: a worm (asleep)
The blast of sand hits the worm!
The worm is heavily wounded.
b - 44 stones
Casting: Sandblast (safe; 6% risk of failure)
Confirm with . or Enter, or press ? or * to list all spells.
Aiming: Sandblast (safe; 6% risk of failure)
Press: ? - help, Shift-Dir - straight line, f/p - worm
Aim: a worm (heavily wounded)
The blast of sand hits the worm!
The worm is almost dead.
b - 43 stones
Casting: Sandblast (safe; 6% risk of failure)
Confirm with . or Enter, or press ? or * to list all spells.
Aiming: Sandblast (safe; 6% risk of failure)
Press: ? - help, Shift-Dir - straight line, f/p - worm
Aim: a worm (almost dead)
The blast of sand hits the worm!
You kill the worm!
b - 42 stones A bat and a kobold come into view.
The kobold shouts!
An adder comes into view.
The bat completely misses you. The bat closely misses you. The bat misses you.
The bat hits you but does no damage. The bat closely misses you.
You hit the kobold.
The kobold is heavily wounded.
The kobold hits you. The kobold closely misses you.
The adder hisses angrily.
You hit the kobold but do no damage.
The kobold is heavily wounded.
The bat closely misses you. The kobold hits you.
The bat hits you but does no damage.
You hit the kobold.
You kill the kobold!
You barely miss the bat. The bat hits you. The adder bites you.
You are poisoned.
The adder poisons you!
Casting: Sandblast (safe; 6% risk of failure)
Confirm with . or Enter, or press ? or * to list all spells.
Aiming: Sandblast (safe; 6% risk of failure)
Press: ? - help, Shift-Dir - straight line, f - adder
Aim: an adder The blast of sand hits the adder!
The adder is almost dead.
b - 41 stones
* * * LOW HITPOINT WARNING * * *
You feel sick. The adder closely misses you. The bat misses you.
Casting: Sandblast (safe; 6% risk of failure)
Confirm with . or Enter, or press ? or * to list all spells.
Aiming: Sandblast (safe; 6% risk of failure)
Press: ? - help, Shift-Dir - straight line, f/p - adder
Aim: an adder (almost dead)
The blast of sand misses the adder.
b - 40 stones The bat barely misses you.
The adder closely misses you. The adder misses you.
You barely miss the adder.
The adder is almost dead.
* * * LOW HITPOINT WARNING * * *
You feel sick. The bat completely misses you. The adder closely misses you.
It was a potion of might.
You feel very mighty all of a sudden. The bat completely misses you.
The adder closely misses you. The bat hits you but does no damage.
The adder misses you.
You barely miss the adder.
The adder is almost dead.
You closely miss the bat. The bat hits you.
* * * LOW HITPOINT WARNING * * *
The bat completely misses you. The bat closely misses you.
The adder misses you.
You miss the adder.
The adder is severely wounded.
You hit the bat.
You kill the bat!
The adder barely misses you. The adder closely misses you.
You miss the adder.
The adder is severely wounded.
* * * LOW HITPOINT WARNING * * *
You feel sick. The adder bites you.
You die...

#.############
###.....<......#
#...##########.#
#.#..[..........
............#.###.
###########†...##.#
#.......#....#
...####.†....##
#@#.#..# #S#.#..##
########........
#........#.#..##
...........#..#
#.########.# .# .#
. ..


You could see an adder.

Vanquished Creatures
  A worm (D:2)
  4 jackals (D:1)
  A kobold (D:2)
  2 bats
8 creatures vanquished.

Notes
Turn   | Place    | Note
-------+----------+-------------------------------------------
     0 | D:1      | EnegeticOcto the Halfling Earth Elementalist began the
                  | quest for the Orb.
     0 | D:1      | Reached XP level 1. HP: 11/11 MP: 3/3
   148 | D:1      | Reached XP level 2. HP: 9/17 MP: 4/4
   200 | D:2      | Slain by an adder

Illustrated notes

Levels and vault maps discovered:
D:1:      minmay_arrival_radiant_lines, layout_basic, minmay_misc_feat_pillars,
          minmay_hexomino_f4
D:2:      layout_loops_ring

Action                   || total
-------------------------++-------
Melee: Hand axe          ||    15
       Whip              ||     5
 Cast: Sandblast         ||     5
  Use: Potion            ||     1
Armor: Robe              ||     8
Dodge: Dodged            ||    38

Table legend: (Time is in decaauts)
 A = Elapsed time spent in this place.
 B = Non-inter-level travel time spent in this place.
 C = Inter-level travel time spent in this place.
 D = Time resting spent in this place.
 E = Time spent auto-exploring this place.
 F = Levels seen in this place.
 G = Mean time per level.
                   A        B        C        D        E       F      G
               +--------+--------+--------+--------+--------+-----+--------+
         Total |    203 |    188 |     15 |      0 |      0 |   2 |  101.5 |
       Dungeon |    203 |    188 |     15 |      0 |      0 |   2 |  101.5 |
               +--------+--------+--------+--------+--------+-----+--------+

Top non-repeatable levels by time:
     D:1: 167 daAuts
     D:2: 35 daAuts
